Map: Bastión celestial

Players

MrFercho - Winner!

  • Race: Terran Terran
  • Spawn Location: 1:00

tigro

  • Race: Terran Terran
  • Spawn Location: 7:00

VOD

Have the link to the VOD?

Description

Time

  • Played on: Nov. 19, 2018, 11:14 a.m.
  • Length: 39:33
Show
View Real Time Build Order
Export as new Build Order

MrFercho Terran - Winner!

Build Orders:  

Get SALT Encoding   

  12  0:02  SCV  
  13  0:17  Supply Depot  
  13  0:22  SCV  
  14  0:34  SCV  
  15  0:47  SCV  
  15  0:48  Refinery  
  16  0:59  SCV  
  16  1:03  Supply Depot  
  17  1:11  SCV  
  18  1:24  SCV  
  19  1:27  Supply Depot  
  19  1:36  SCV  
  20  1:44  Refinery  
  20  1:48  SCV  
  21  2:00  SCV  
  22  2:03  Barracks  
  22  2:16  Engineering Bay  
  22  2:17  SCV  
  23  2:29  SCV  
  24  2:41  SCV  
  24  2:43  Engineering Bay  
  25  2:51  Barracks  
  25  2:54  Command Center  
  25  3:09  Orbital Command  
  25  3:10  Refinery  
  25  3:11  Refinery  
  25  3:26  Barracks Tech Lab  
  25  3:38  Barracks  
  25  3:57  Refinery  
  25  3:58  Command Center, Barracks Tech Lab  
  25  3:59  Refinery  
  25  4:10  Orbital Command  
  25  4:20  SCV  
  26  4:32  SCV  
  26  4:35  Barracks Tech Lab  
  26  4:37  Supply Depot  
  27  4:44  SCV  
  28  4:46  Marine x2  
  30  4:56  SCV  
  31  5:01  Supply Depot  
  31  5:04  Marine  
  32  5:08  SCV  
  33  5:19  Orbital Command  
  33  5:29  SCV x2  
  35  5:41  SCV x2  
  37  5:53  SCV x2  
  39  6:05  SCV  
  39  6:06  SCV  
  41  6:18  SCV x2  
  43  7:08  Refinery  
  43  7:10  Command Center  
  43  7:11  Command Center, Refinery  
  43  7:12  SCV x3  
  43  7:14  Refinery  
  46  7:16  Refinery  
  46  7:24  SCV x3  
  49  7:36  SCV x3  
  52  7:46  Supply Depot  
  52  7:48  SCV x3  
  55  8:01  SCV x3  
  58  8:10  Supply Depot  
  58  8:32  Supply Depot  
  58  8:50  SCV x4  
  58  8:51  SCV  
  58  8:54  Supply Depot  
  63  9:02  SCV x3  
  66  9:03  SCV x2  
  68  9:14  SCV  
  69  9:30  Refinery  
  69  9:31  Command Center  
  69  9:37  Orbital Command  
  69  9:39  Orbital Command  
  69  9:40  Supply Depot  
  69  9:43  Refinery  
  69  10:02  Supply Depot  
  69  10:25  Sensor Tower, Supply Depot  
  69  10:27  Sensor Tower  
  69  10:29  Sensor Tower  
  69  10:49  Supply Depot  
  69  10:51  Planetary Fortress  
  69  10:57  Sensor Tower  
  69  10:59  Sensor Tower  
  69  11:02  SCV x4  
  69  11:03  SCV  
  74  11:09  Sensor Tower  
  74  11:14  SCV x4  
  74  11:15  SCV  
  79  11:26  SCV x4  
  83  11:46  SCV  
  84  11:58  SCV  
  85  12:05  SCV  
  86  12:10  SCV  
  87  12:17  SCV  
  87  12:22  SCV  
  89  12:29  SCV  
  90  12:34  SCV  
  91  12:41  SCV  
  91  12:43  Barracks  
  92  12:53  Barracks, SCV  
  93  13:01  Barracks  
  93  13:03  Barracks  
  93  13:12  Factory  
  93  13:17  Factory  
  93  13:19  Factory x2  
  93  13:33  Barracks  
  93  13:58  Factory  
  93  14:02  Factory  
  93  14:05  Factory  
  93  14:07  Factory  
  93  14:09  Factory Tech Lab x3  
  93  14:10  Refinery  
  93  14:11  Factory Tech Lab  
  93  14:14  Refinery  
  93  14:15  Barracks Tech Lab  
  93  14:16  Barracks Tech Lab x3  
  93  14:18  Command Center  
  93  14:21  Barracks Tech Lab  
  93  14:26  Armory  
  93  14:29  Armory  
  93  14:30  Armory  
  93  14:38  Terran Infantry Armor Level 1  
  93  14:39  Terran Infantry Weapons Level 1  
  93  14:52  Factory Tech Lab  
  93  14:53  Factory Tech Lab x3  
  93  15:07  Marauder  
  93  15:08  Marauder x4  
  93  15:09  Marauder x3  
  109  15:28  Marine x2  
  109  15:29  Marine x3  
  109  15:30  Marine x3  
  117  15:53  Starport  
  117  15:56  Starport  
  117  15:59  Starport  
  117  16:00  Starport  
  117  16:11  Planetary Fortress  
  117  16:32  Hi-Sec Auto Tracking, SCV x2  
  119  16:33  SCV x4, Neosteel Frame  
  119  16:34  Starport  
  119  16:39  Starport x2  
  123  16:40  Starport  
  123  16:44  SCV  
  123  16:45  SCV  
  125  17:07  Starport Tech Lab  
  125  17:08  Starport Tech Lab x3  
  125  17:12  Combat Shield  
  125  17:13  Concussive Shells  
  125  17:16  Terran Ship Weapons Level 1  
  125  17:17  Terran Vehicle And Ship Armor Level 1, Terran Vehicle Weapons Level 1  
  125  17:24  Infernal Pre-Igniter, Rapid Fire Launchers  
  125  17:25  Smart Servos, Drilling Claws  
  125  17:29  Neosteel Armor  
  125  17:33  Starport Tech Lab x4  
  125  17:34  Stimpack  
  125  17:36  Rapid Reignition System, Corvid Reactor  
  125  17:37  Cloaking Field  
  125  17:38  Hyperflight Rotors  
  125  17:45  Liberator x2  
  125  17:51  Terran Infantry Weapons Level 2  
  125  18:01  Raven x2  
  134  18:34  Fusion Core  
  134  18:54  Missile Turret  
  134  18:55  Missile Turret  
  134  18:57  Missile Turret x2  
  134  18:58  Missile Turret  
  134  19:09  Terran Infantry Armor Level 2  
  134  19:20  Missile Turret x2  
  134  19:22  Missile Turret x2  
  134  19:23  Missile Turret  
  134  19:34  Thor  
  134  19:35  Thor x3  
  161  19:38  Siege Tank x3  
  161  19:39  Siege Tank  
  161  19:43  Missile Turret  
  161  19:44  Missile Turret x2  
  161  19:45  Missile Turret  
  170  19:47  Missile Turret  
  170  19:54  Banshee x3  
  170  19:55  Battlecruiser x3  
  197  20:03  Marine  
  197  20:04  Marine x2  
  200  20:13  Missile Turret x2  
  200  20:14  Missile Turret  
  200  20:17  Missile Turret  
  200  20:19  Missile Turret  
  200  20:21  Terran Vehicle Weapons Level 2, Terran Ship Weapons Level 2  
  200  20:22  Terran Vehicle And Ship Armor Level 2  
  200  20:38  Missile Turret  
  200  20:39  Missile Turret  
  200  20:42  Missile Turret  
  200  20:43  Missile Turret  
  200  20:45  Missile Turret  
  200  20:58  Missile Turret  
  200  21:07  Missile Turret  
  200  21:08  Missile Turret  
  200  21:11  Missile Turret  
  200  21:13  Missile Turret  
  200  21:22  Missile Turret  
  200  21:31  Missile Turret  
  200  21:33  Missile Turret x2  
  200  21:36  Missile Turret  
  200  21:45  Sensor Tower  
  200  21:53  Missile Turret  
  200  21:56  Missile Turret  
  199  22:10  Sensor Tower  
  199  22:13  Missile Turret  
  198  22:29  Missile Turret  
  198  22:30  Missile Turret  
  198  22:33  Missile Turret  
  198  22:34  Missile Turret  
  198  22:35  Sensor Tower  
  198  22:49  Missile Turret  
  198  22:53  Missile Turret  
  198  22:54  Missile Turret  
  198  22:56  Missile Turret  
  198  23:02  Sensor Tower  
  178  23:11  Missile Turret  
  178  23:12  Missile Turret  
  167  23:14  Missile Turret  
  167  23:18  Missile Turret  
  161  23:27  Sensor Tower  
  161  23:34  Missile Turret  
  161  23:38  Missile Turret  
  161  23:39  Missile Turret  
  161  23:46  Missile Turret  
  161  23:51  Sensor Tower  
  161  23:53  Missile Turret  
  161  24:10  Missile Turret  
  161  24:13  Missile Turret  
  161  24:14  Sensor Tower, Missile Turret  
  161  24:21  Missile Turret  
  161  24:33  Missile Turret  
  158  24:41  Missile Turret x2  
  158  24:42  Missile Turret  
  155  24:58  Thor x2  
  167  25:01  Missile Turret  
  167  25:03  Missile Turret  
  167  25:04  Cyclone  
  167  25:05  Cyclone x3  
  179  25:09  Viking  
  179  25:10  Viking  
  183  25:15  Medivac x2  
  183  25:17  Marine  
  183  25:18  Marine  
  183  25:19  Marauder x4, Marine  
  183  25:20  Marine, Missile Turret  
  199  25:35  Marine  
  199  25:39  Missile Turret  
  200  25:54  Command Center, Refinery  
  200  26:00  Refinery  
  200  26:04  Command Center  
  200  26:05  Refinery  
  200  26:08  Refinery  
  200  27:10  Command Center, Refinery  
  200  27:13  Refinery  
  196  27:19  Command Center  
  196  27:21  Weapon Refit  
  196  27:22  Refinery x2  
  196  28:01  Missile Turret  
  196  28:03  Missile Turret  
  196  28:04  Missile Turret  
  196  28:05  Missile Turret  
  196  28:06  Missile Turret  
  196  28:13  Terran Infantry Armor Level 3, Terran Infantry Weapons Level 3  
  196  28:16  Terran Vehicle And Ship Armor Level 3, Terran Ship Weapons Level 3, Terran Vehicle Weapons Level 3  
  196  28:22  Missile Turret  
  196  28:24  Missile Turret x2  
  196  28:25  Advanced Ballistics  
  196  28:29  Missile Turret  
  196  28:32  Missile Turret  
  185  28:49  Missile Turret  
  185  28:50  Missile Turret  
  185  28:52  Command Center  
  185  28:53  Missile Turret  
  185  28:54  Missile Turret, Refinery  
  185  28:55  Command Center  
  185  28:58  Missile Turret  
  185  28:59  Refinery  
  185  29:00  Refinery  
  185  29:02  Refinery  
  182  29:07  Missile Turret  
  172  29:10  Missile Turret  
  172  29:14  Missile Turret  
  172  29:15  Missile Turret  
  170  29:21  Missile Turret  
  170  29:29  Missile Turret  
  170  29:32  Missile Turret  
  170  29:35  Missile Turret  
  170  29:37  Missile Turret  
  174  29:38  Hellion x2  
  174  29:39  Hellion x6  
  174  29:43  Missile Turret  
  186  29:52  Missile Turret  
  190  30:00  Hellion x5  
  190  30:01  Hellion x2  
  200  30:08  Missile Turret  
  200  30:16  Missile Turret  
  200  30:17  Missile Turret  
  200  30:22  Missile Turret  
  168  31:57  Thor  
  168  31:58  Thor x5  
Show
View Real Time Build Order
Export as new Build Order

tigro Terran 

Build Orders:  

Get SALT Encoding   

  12  0:08  SCV  
  13  0:20  SCV, Refinery  
  14  0:31  Supply Depot  
  14  0:37  SCV  
  15  0:53  SCV  
  15  0:56  Supply Depot  
  16  1:05  SCV  
  17  1:17  Barracks, SCV  
  18  1:27  Refinery  
  18  1:31  SCV  
  19  1:43  SCV  
  20  2:11  Engineering Bay  
  20  2:23  SCV  
  20  2:27  Barracks Tech Lab  
  21  2:53  Combat Shield  
  21  2:58  Marine  
  21  3:05  Terran Infantry Weapons Level 1, Missile Turret  
  22  3:16  Marine  
  23  3:26  Refinery  
  23  3:34  Marine  
  24  3:52  Marine  
  25  4:04  Command Center  
  25  4:09  Marine  
  26  4:25  SCV  
  27  4:34  Stimpack  
  27  4:45  Planetary Fortress  
  27  4:54  Bunker  
  27  4:59  Terran Infantry Armor Level 1  
  27  5:18  Missile Turret  
  27  5:20  Marauder  
  29  5:42  Marauder  
  31  5:43  SCV  
  31  5:47  Refinery  
  32  6:03  Marauder  
  34  6:09  Missile Turret  
  34  6:13  Concussive Shells  
  34  6:20  SCV  
  34  6:24  Marauder  
  37  6:29  SCV  
  38  6:41  SCV  
  38  6:46  Marauder  
  41  6:53  Hi-Sec Auto Tracking  
  41  6:57  Factory  
  41  7:31  SCV  
  42  7:43  SCV  
  43  7:45  Missile Turret  
  43  7:48  Supply Depot  
  43  7:50  Neosteel Frame  
  43  7:55  SCV  
  44  8:01  Factory Tech Lab  
  44  8:03  Marine  
  45  8:08  SCV  
  46  8:19  Missile Turret  
  46  8:20  SCV  
  46  8:21  Marine  
  48  8:30  Armory  
  48  8:32  Orbital Command  
  48  8:39  Marine  
  49  8:50  Starport  
  49  8:57  Marine  
  49  8:59  Siege Tank  
  53  9:09  Neosteel Armor  
  53  9:15  Marine  
  54  9:28  Infernal Pre-Igniter  
  54  9:48  Supply Depot, Fusion Core  
  54  9:49  Starport Tech Lab  
  54  10:00  Weapon Refit  
  54  10:09  Siege Tank  
  57  10:39  Ghost Academy  
  57  10:41  Siege Tank  
  60  10:47  Rapid Fire Launchers  
  60  11:03  Rapid Reignition System  
  60  11:21  Missile Turret  
  60  11:23  Supply Depot  
  60  11:39  Marine  
  61  11:45  Battlecruiser, Siege Tank  
  70  11:48  Missile Turret  
  70  11:59  Corvid Reactor  
  70  12:03  Missile Turret  
  70  12:05  Drilling Claws  
  70  12:46  Supply Depot  
  70  12:49  Command Center  
  70  13:07  Viking, Marine  
  70  13:08  Siege Tank  
  76  13:15  Supply Depot  
  76  13:18  Hyperflight Rotors  
  76  13:24  Smart Servos  
  76  13:25  Marine  
  77  13:37  Medivac  
  77  13:39  Thor  
  85  13:43  Marine  
  85  13:47  Missile Turret  
  86  14:01  Marine  
  87  14:07  Medivac  
  89  14:18  Marine  
  89  14:22  Thor  
  96  14:27  Missile Turret  
  96  14:36  Marine  
  97  14:44  Barracks  
  97  15:19  Cloaking Field  
  97  15:22  Refinery  
  97  15:38  Refinery  
  97  15:39  Barracks Tech Lab  
  97  15:41  Supply Depot  
  97  16:03  Battlecruiser  
  103  16:05  Missile Turret  
  103  16:14  Command Center  
  103  16:38  Advanced Ballistics, Factory  
  103  16:39  Terran Ship Weapons Level 1  
  103  16:43  Terran Infantry Armor Level 2  
  103  17:40  Missile Turret  
  103  18:33  Terran Vehicle Weapons Level 1  
  103  18:57  Planetary Fortress  
  103  18:59  Terran Infantry Weapons Level 2  
  103  19:07  Refinery  
  103  19:20  Factory Tech Lab  
  103  19:22  Siege Tank  
  106  19:28  Medivac  
  106  19:31  Missile Turret  
  108  19:54  Siege Tank  
  108  19:58  Battlecruiser  
  117  20:26  Siege Tank  
  117  20:27  Terran Vehicle And Ship Armor Level 1  
  120  20:31  Refinery  
  120  20:48  Command Center  
  120  20:58  Siege Tank  
  123  22:00  Marauder, Battlecruiser, Siege Tank  
  134  22:21  Terran Ship Weapons Level 2  
  134  22:29  Missile Turret  
  134  23:01  Missile Turret  
  134  23:04  Battlecruiser  
  99  23:14  Thor  
  99  23:19  Planetary Fortress  
  69  23:57  Thor  
  75  24:08  Viking  
  74  24:38  Medivac  
  76  24:39  Thor  
  82  24:54  SCV  
  83  25:00  Missile Turret  
  83  25:07  SCV  
  84  25:08  Banshee  
  87  25:24  SCV  
  88  25:51  Banshee  
  91  26:02  Marauder  
  93  26:07  Marine  
  94  26:12  Siege Tank  
  97  26:23  Marauder  
  97  26:25  Marine, Nuke  
  100  26:33  Banshee  
  103  26:43  Marine  
  103  26:44  Siege Tank  
  103  26:45  Marauder  
  97  27:00  Marine  
  90  27:06  Marauder  
  90  27:07  Personal Cloaking  
  64  27:16  Siege Tank  
  64  27:17  Battlecruiser  
  64  27:18  Marine  
  74  27:27  Marauder  
  76  27:48  Ghost, Siege Tank  
  76  27:50  Reaper  
  82  28:11  SCV  
  83  28:16  Ghost  
  85  28:21  Battlecruiser, Siege Tank  
  85  28:22  Reaper  
  85  28:23  SCV  
  85  28:25  SCV  
  97  28:35  SCV  
  97  28:37  SCV  
  97  28:38  Missile Turret  
  99  28:45  Ghost  
  99  28:47  SCV  
  84  28:54  Reaper  
  82  28:59  SCV  
  80  29:14  Ghost  
  67  29:25  Battlecruiser  
  67  29:26  Reaper  
  71  29:58  Reaper  
  72  30:20  Nuke  
  72  30:29  Banshee  
  72  30:42  Marine x2  
  67  30:48  Siege Tank x2  
  61  31:00  Marine x2  
  62  31:18  Marine x2  
  61  31:20  Siege Tank x2  
  54  31:36  Marine  
  51  31:51  Missile Turret  
  51  31:52  Siege Tank x2  
  55  32:11  Missile Turret  
  55  32:24  Missile Turret, Siege Tank  
  49  32:44  Missile Turret  
  49  32:51  Missile Turret  
  49  32:58  Barracks  
  43  33:52  Reaper  
  39  34:12  Engineering Bay  
Tags
 
Matchup
TvT
Race
Terran
Replay Pack
MrFercho
Spawn Locations
Cross Positions
Add a new tag
Caveats
  • Supply blocks, unpowered buildings, or Contaminate may cause inaccurate times.
  • Supply counts are checked every 10 seconds.